 Dungeon Crawl Stone Soup version 0.21.1-1-g345015f (webtiles) character file.

4942 Fang the Cleaver (level 10, 0/64 HPs)
             Began as a Gargoyle Berserker on May 23, 2018.
             Was a High Priest of Trog.
             Slain by a warg (3 damage)
             ... on level 9 of the Dungeon.
             The game lasted 00:12:53 (7939 turns).

Fang the Cleaver (Gargoyle Berserker)               Turns: 7939, Time: 00:12:54

Health: 0/64       AC: 17    Str: 28    XL:     10   Next: 52%
Magic:  10/10      EV: 12    Int:  8    God:    Trog [*****.]
Gold:   425        SH:  0    Dex:  9    Spells: 9/9 levels left

rFire    . . .     SeeInvis +   a - +1 hand axe
rCold    . . .     Gourm    +   (no shield)
rNeg     + . .     Faith    .   E - +1 ring mail of Starshine {Str+4}
rPois    ∞         Spirit   .   s - +1 helmet {SInv}
rElec    +         Reflect  .   (no cloak)
rCorr    .         Harm     .   (no gloves)
MR       .....                  (no boots)
Stlth    +.........             C - amulet of the gourmand
HPRegen  0.20/turn              l - ring of poison resistance
MPRegen  0.12/turn              A - ring of wizardry

@: berserk cooldown, slowed, very slow
A: negative energy resistance 1, electricity resistance, unbreathing,
petrification resistance, rot immunity, AC +7
a: Berserk, Trog's Hand, Brothers in Arms, Burn Spellbooks, Renounce Religion


You were on level 9 of the Dungeon.
You worshipped Trog.
Trog was extremely pleased with you.
You were very hungry.

You visited 2 branches of the dungeon, and saw 10 of its levels.
You also visited: Sewer.

You collected 425 gold pieces.

Inventory:

Hand Weapons
 a - a +1 hand axe (weapon)
Armour
 s - a +1 helmet of see invisible (worn)
 E - the +1 ring mail of Starshine (worn) {Str+4}
   (You found it on level 7 of the Dungeon)

   It affects your strength (+4).
Jewellery
 d - an uncursed amulet of rage
 l - a ring of poison resistance (left hand)
 r - a cursed amulet of inaccuracy {unknown}
 A - a ring of wizardry (right hand)
 C - an amulet of the gourmand (around neck)
Wands
 b - a wand of polymorph (15)
 g - a wand of paralysis (8)
 o - a wand of digging (17)
 u - a wand of iceblast (10)
 x - a wand of flame (32)
Scrolls
 e - 4 scrolls of magic mapping
 k - 2 scrolls of fear
 n - 3 scrolls of teleportation
 y - a scroll of remove curse
 z - 3 scrolls of fog
Potions
 f - 2 potions of haste
 h - 6 potions of curing
 i - 4 potions of magic
 j - 2 potions of brilliance
 m - 3 potions of heal wounds {unknown}
 p - 2 potions of resistance {unknown}
 q - a potion of lignification {unknown}
 t - 4 potions of might {unknown}
 v - a potion of cancellation {unknown}
 w - 5 potions of flight {unknown}
 B - a potion of agility {unknown}
 D - a potion of ambrosia {unknown}
Comestibles
 c - 9 rations


   Skills:
 + Level 8.3 Fighting
 + Level 10.6 Axes
 + Level 7.0 Armour
 + Level 3.6 Dodging
 + Level 2.0 Stealth


You had 9 spell levels left.
You didn't know any spells.

Dungeon Overview and Level Annotations

Branches:
Dungeon (9/15)             Temple (1/1) D:5            Lair (0/6) D:9
    Orc: D:9-12

Altars:
Ashenzari
Cheibriados
Dithmenos
Elyvilon
Fedhas
Gozag
Hepliaklqana
Kikubaaqudgha
Makhleb
Nemelex Xobeh
Okawaru
Qazlal
Ru
Sif Muna
Trog
Uskayaw
Vehumet
Wu Jian
Xom
Yredelemnul
Zin
The Shining One

Shops:
D:5 (   D:6 =   D:7 =


Innate Abilities, Weirdness & Mutations

You are resistant to torment.
Your stone body is resilient. (AC +7)
You are immune to poison.
You resist negative energy. (rN+)
You are resistant to electric shocks. (rElec)
You can survive without breathing.
You are immune to petrification.
You are immune to rotting.


Message History

You feel yourself slow down.
A warg is nearby!
A warg is nearby!
The warg bites you!
* * * LOW HITPOINT WARNING * * *
The warg pauses to sniff the ground.
The warg bites you but does no damage. The warg closely misses you.
You closely miss the warg. The warg bites you.
* * * LOW HITPOINT WARNING * * *
Okay, then.
You closely miss the warg. The warg bites you.
* * * LOW HITPOINT WARNING * * *
You hit the warg but do no damage. The warg bites you.
* * * LOW HITPOINT WARNING * * *
The warg bites you but does no damage.
You hit the warg but do no damage. The warg bites you.
* * * LOW HITPOINT WARNING * * *
You closely miss the warg. The warg bites you but does no damage.
The warg bites you.
You die...

#.........#
..P......#
#.......#
.......# .....#
####...#
#.##))#####
#.#..)....+
#######.@.#######
........h##
######.## #.# #.#
#.# #.# ##.# #..#


You could see a warg.

Vanquished Creatures
  A two-headed ogre (D:9)
  The ghost of CelticWarrior the Slasher, a novice DgFi (D:7)
  The ghost of Timbabwe the Charmwright, a novice MfSk (D:5)
  The ghost of Fang the Chopper, an amateur GrBe of Trog (D:4)
  The ghost of Fattybiggles the Shield-Bearer, an amateur GrFi (D:3)
  2 wargs (D:9)
  A water moccasin (D:6)
  4 sky beasts
  An orc warrior (D:8)
  A phantom (D:8)
  3 ogres
  2 centaurs
  A big kobold (Sewer)
  Blork the orc (D:5)
  6 bullfrogs
  5 wights (D:7)
  A howler monkey (D:8)
  A crimson imp (D:5)
  5 hounds
  5 orc priests
  A bullfrog zombie (D:6)
  Ijyb (D:4)
  2 centaur skeletons
  A gnoll shaman (D:4)
  An iguana (D:9)
  2 jellies
  10 orc wizards
  Terence (D:3)
  3 worker ants
  2 hound zombies
  2 hound skeletons (D:4)
  7 adders
  11 gnolls (D:4)
  2 river rats (Sewer)
  A worker ant zombie (D:7)
  3 shadow imps
  An adder skeleton (D:5)
  2 worms (D:2)
  A dart slug (D:5)
  5 leopard geckos
  28 orcs
  3 ball pythons
  4 giant cockroaches
  3 goblins
  11 hobgoblins
  A jackal (Sewer)
  11 kobolds
  3 quokkas
  A ball python skeleton (D:5)
  6 bats
  4 frilled lizards
  2 leopard gecko skeletons
  A quokka skeleton (D:5)
  12 rats
193 creatures vanquished.

Notes
Turn   | Place    | Note
-------+----------+-------------------------------------------
     0 | D:1      | Fang the Gargoyle Berserker began the quest for the Orb.
     0 | D:1      | Reached XP level 1. HP: 14/14 MP: 1/1
   189 | D:1      | Reached XP level 2. HP: 18/19 MP: 2/2
   332 | D:1      | Reached skill level 3 in Axes
   835 | D:2      | Reached XP level 3. HP: 19/24 MP: 3/3
   892 | D:2      | Reached ** piety under Trog
  1215 | D:2      | Found an iron altar of Okawaru.
  1622 | D:3      | Noticed Terence
  1631 | D:3      | Killed Terence
  1631 | D:3      | Reached XP level 4. HP: 29/29 MP: 4/4
  1736 | D:3      | Reached XP level 5. HP: 19/33 MP: 5/5
  1749 | D:3      | Reached skill level 4 in Axes
  1980 | D:3      | Noticed Fattybiggles's ghost (amateur GrFi)
  1995 | D:3      | Killed Fattybiggles's ghost
  1995 | D:3      | Reached skill level 5 in Axes
  1995 | D:3      | Reached XP level 6. HP: 39/39 MP: 6/6
  2749 | D:4      | Reached *** piety under Trog
  2779 | D:4      | Found a glowing drain.
  2812 | Sewer    | Entered a sewer
  2819 | Sewer    | Reached XP level 7. HP: 40/44 MP: 7/7
  2895 | Sewer    | Reached skill level 5 in Fighting
  2984 | Sewer    | Found a white marble altar of Elyvilon.
  3103 | D:4      | Reached skill level 6 in Axes
  3511 | D:4      | Noticed Fang's ghost (amateur GrBe)
  3523 | D:4      | Killed Fang's ghost
  3523 | D:4      | Reached XP level 8. HP: 51/51 MP: 8/8
  3619 | D:4      | Noticed Ijyb
  3626 | D:4      | Paralysed by Ijyb for 3 turns
  3646 | D:4      | Paralysed by Ijyb for 3 turns
  3653 | D:4      | Paralysed by Ijyb for 3 turns
  3660 | D:4      | Killed Ijyb
  3660 | D:4      | Reached skill level 7 in Axes
  3970 | D:5      | Entered Level 5 of the Dungeon
  4002 | D:5      | Found Luol's Antique Weapon Boutique.
  4223 | D:5      | Found a staircase to the Ecumenical Temple.
  4235 | D:5      | Reached skill level 1 in Stealth
  4307 | Temple   | Entered the Ecumenical Temple
  4559 | D:5      | Noticed Timbabwe's ghost (novice MfSk)
  4581 | D:5      | Killed Timbabwe's ghost
  4581 | D:5      | Reached skill level 8 in Axes
  4581 | D:5      | Reached XP level 9. HP: 56/56 MP: 9/9
  4619 | D:5      | Found a shattered altar of Ashenzari.
  4651 | D:5      | Noticed Blork the orc
  4785 | D:5      | Killed Blork the orc
  5249 | D:6      | Found a snail-covered altar of Cheibriados.
  5274 | D:6      | Reached **** piety under Trog
  5315 | D:6      | Reached skill level 5 in Armour
  5396 | D:6      | Found Deref's Jewellery Shop.
  5434 | D:6      | Reached skill level 9 in Axes
  5477 | D:6      | Found an ornate altar of the Wu Jian Council.
  5916 | D:7      | Found a hide-covered altar of Uskayaw.
  5916 | D:7      | Found a sacrificial altar of Ru.
  5940 | D:7      | Found a bloodstained altar of Trog.
  6183 | D:7      | Found a burning altar of Makhleb.
  6185 | D:7      | Found a white marble altar of Elyvilon.
  6186 | D:7      | Found a shadowy altar of Dithmenos.
  6288 | D:7      | Got a faintly glowing ring mail
  6299 | D:7      | Identified the +1 ring mail of Starshine {Str+4} (You found it on level 7 of the Dungeon)
  6335 | D:7      | Found Voihowu's Jewellery Boutique.
  6666 | D:7      | Noticed CelticWarrior's ghost (novice DgFi)
  6689 | D:7      | Killed CelticWarrior's ghost
  6695 | D:7      | Reached XP level 10. HP: 57/63 MP: 10/10
  7031 | D:8      | Reached skill level 10 in Axes
  7109 | D:8      | Found a stormy altar of Qazlal.
  7496 | D:8      | Found a blossoming altar of Fedhas.
  7908 | D:9      | Noticed a two-headed ogre
  7917 | D:9      | Killed a two-headed ogre
  7920 | D:9      | Reached ***** piety under Trog
  7930 | D:9      | Found a staircase to the Lair.
  7938 | D:9      | HP: 3/64 [warg (5)]
  7939 | D:9      | Slain by a warg

Skill      XL: |  1  2  3  4  5  6  7  8  9 10 |
---------------+-------------------------------+-----
Axes           | 3 5 6 8 9 10 | 10.6
Dodging        | 2 3 |  3.6
Fighting       | 4 5 6 7 8 |  8.3
Armour         | 3 4 6 7 |  7.0
Stealth        | 1 2 |  2.0

Action                   |  1- 3 |  4- 6 |  7- 9 | 10-12 || total
-------------------------+-------+-------+-------+-------++-------
Melee: Hand axe          |   118 |   146 |   439 |   137 ||   840
       War axe           |       |    12 |    80 |       ||    92
Invok: Berserk           |     1 |     2 |     5 |     3 ||    11
       Burn Spellbooks   |       |       |     1 |       ||     1
  Use: Scroll            |       |       |    14 |     4 ||    18
 Stab: Sleeping          |     1 |       |       |       ||     1
  Eat: Chunk             |     1 |     5 |    12 |     5 ||    23
       Ration            |     1 |       |     2 |       ||     3
Armor: Animal skin       |    26 |     1 |       |       ||    27
       Chain mail        |       |   136 |   251 |       ||   387
       Ring mail         |       |       |    14 |    45 ||    59
Dodge: Dodged            |    64 |    57 |   227 |    57 ||   405
